 Dungeon Crawl Stone Soup version 0.29.0-4-gdea44cf6ec (webtiles) character file.

Game seed: 3532675997879253032

1661 qw the Grappler (level 8, -2/61 (78) HPs)
             Began as a Troll Cinder Acolyte on Sept 1, 2022.
             Was a Priest of Ignis.
             Slain by a kobold
             ... wielding a +0 short sword
              (3 damage)
             ... on level 7 of the Dungeon.
             The game lasted 00:02:52 (5529 turns).

qw the Grappler (Troll Cinder Acolyte)              Turns: 5529, Time: 00:02:53

HP:   -2/61 (78)    AC: 14    Str: 25    XL:     8   Next: 69%
MP:   8/8           EV:  9    Int: 10    God:    Ignis [***...]
Gold: 236           SH:  0    Dex:  5    Spells: 9/9 levels left

rFire   + + .      SeeInvis .     - Unarmed
rCold   + . .      Faith    .   (no shield)
rNeg    . . .      Spirit   .   a - +0 robe
rPois   .          Reflect  .   (helmet restricted)
rElec   .          Harm     .   k - +2 cloak
rCorr   .          Rampage  .   (gloves unavailable)
Will    +....                   (boots unavailable)
Stlth   +.........              (no amulet)
HPRegen 1.00/turn               l - ring of protection from fire
MPRegen 0.11/turn               m - ring of willpower

@: about to teleport, fiery-armoured, heavily drained
A: large, unfitting armour, claws 3, regeneration 1, shaggy fur 1, tough skin 1,
hooves 1, horns 1, cold resistance 1
a: Renounce Religion, Fiery Armour, Foxfire Swarm, Rising Flame


You were on level 7 of the Dungeon.
You worshipped Ignis.
Ignis was most pleased with you.
You visited 1 branch of the dungeon, and saw 7 of its levels.

You collected 393 gold pieces.
You spent 157 gold pieces at shops.


Innate Abilities, Weirdness & Mutations

You are too large for most types of armour.
You have claws for hands.
Your natural rate of healing is unusually fast.
You are covered in fur. (AC +1)
You have tough skin. (AC +1)
You have large cloven feet.
You have a pair of small horns on your head.
Your flesh is cold resistant. (rC+)


   Skills:
 - Level 4.1 Fighting
 - Level 2.1 Throwing
 - Level 1.1 Dodging
 + Level 10.3 Unarmed Combat
 - Level 1.0 Spellcasting
 - Level 2.1 Fire Magic


You had 9 spell levels left.
You didn't know any spells.
Your spell library contained the following spells:

 Spells                   Type           Power      Damage    Failure   Level
 Scorch                   Fire           8%         2d5       22%         2

Inventory:

Missiles
 c - 5 boomerangs (quivered)
Armour
 a - a +0 robe (worn)
 k - a +2 cloak (worn)
Jewellery
 l - a ring of protection from fire (left claw)
 m - a ring of willpower (right claw)
Scrolls
 e - a scroll of teleportation
 f - a scroll of identify
 Y - a scroll of enchant weapon
Potions
 d - a potion of haste
 h - a potion of mutation
 i - a potion of curing
 j - a potion of might

Dungeon Overview and Level Annotations

Branches:
Dungeon (7/15)
 Temple: D:4-7

Altars:
Dithmenos
Elyvilon
Fedhas
Hepliaklqana
Kikubaaqudgha
Uskayaw

Shops:
D:5 ?

Annotations:
D:3 3 runed translucent doors, Ceinen's ghost, amateur TeWr
D:6 1 runed translucent door, qw's ghost, novice TeWr


Message History

Joseph is lightly wounded.
You scratch Joseph but do no damage. Your kick misses Joseph.
Joseph is lightly wounded.
Joseph hits you with a +2 quarterstaff of draining.
You feel drained.
Joseph is burned by your cloak of flames.
Joseph is moderately wounded.
5523 ||| Stepping ~*~*~tactically~*~*~ (outnumbered).
You claw the kobold!
You kill the kobold!
Joseph hits you but does no damage.
You feel drained.
Joseph is burned by your cloak of flames.
Joseph is moderately wounded.
Things that are here:
a +0 short sword; 2 stones You closely miss Joseph.
You kick Joseph.
Joseph is heavily wounded.
Joseph says, "I've waited for this moment for such a long time."
Joseph hits you with a +2 quarterstaff of draining.
You feel drained.
Joseph is burned by your cloak of flames.
Joseph is heavily wounded.
The kobold throws a stone.
The stone closely misses you.
5527 ||| READING 2 scrolls of teleportation.
As you read the scroll of teleportation, it crumbles to dust.
You feel strangely unstable.
Joseph hits you with a +2 quarterstaff of draining.
You feel drained.
Joseph is burned by your cloak of flames.
Joseph is heavily wounded.
You completely miss Joseph.
Joseph is heavily wounded.
Joseph hits you with a +2 quarterstaff of draining!
You feel drained.
Joseph is burned by your cloak of flames.
Joseph is severely wounded.
You mangle Joseph!!
You kill Joseph!
The kobold hits you with a +0 short sword.
You die...

#...........#
#...........##
#.............
#...........
##..........
.........)#+#..
#...K)........
###@#.##....
#.).........
#)###.......
#...#....#+#
#.#.#....#
#.<.#....#
#####....#
..... .####.


You could see a kobold.

Vanquished Creatures
  Joseph (D:7)
  A hornet (D:6)
  Edmund (D:5)
  An orc warrior (D:6)
  An ice beast (D:4)
  A phantom (D:6)
  3 kobold brigands
  A necrophage (D:5)
  3 scorpions (D:6)
  A howler monkey (D:6)
  5 orc priests
  2 hounds (D:5)
  2 iguanas
  3 orc wizards
  Terence (D:2)
  10 adders
  A white imp (D:5)
  3 worms (D:2)
  19 orcs
  10 ball pythons
  5 bats
  9 endoplasms
  5 giant cockroaches
  6 goblins
  8 hobgoblins
  9 jackals
  5 quokkas
  4 frilled lizards
  27 kobolds
  7 rats
  A spectral goblin (D:3)
  A spectral kobold (D:5)
157 creatures vanquished.

Notes
Turn   | Place    | Note
-------+----------+-------------------------------------------
     0 | D:1      | qw the Troll Cinder Acolyte began the quest for the Orb.
     0 | D:1      | Reached XP level 1. HP: 22/22 MP: 1/1
     0 | D:1      | 0 ||| qw: Version: 0.1-a-97-g2dd2ca4
     0 | D:1      | 0 ||| qw: Game counter: 4727
     0 | D:1      | 0 ||| qw: Always use a shield: true
     0 | D:1      | 0 ||| qw: God list: Okawaru
     0 | D:1      | 0 ||| qw: Allow faded altars: false
     0 | D:1      | 0 ||| qw: Do Orc after D:15 true
     0 | D:1      | 0 ||| qw: Do second Lair branch before Depths: true
     0 | D:1      | 0 ||| qw: Lair rune preference: random
     0 | D:1      | 0 ||| qw: Plans: Normal
     0 | D:1      | 0 ||| PLANNING D:1-11
    88 | D:1      | 88 ||| Stepping ~*~*~tactically~*~*~ (stealth).
   119 | D:1      | 119 ||| Stepping ~*~*~tactically~*~*~ (stealth).
   122 | D:1      | 122 ||| Stepping ~*~*~tactically~*~*~ (stealth).
   123 | D:1      | 123 ||| Stepping ~*~*~tactically~*~*~ (stealth).
   126 | D:1      | Reached XP level 2. HP: 29/29 MP: 2/2
   139 | D:1      | 139 ||| Stepping ~*~*~tactically~*~*~ (outnumbered).
   140 | D:1      | 140 ||| Stepping ~*~*~tactically~*~*~ (outnumbered).
   141 | D:1      | 141 ||| Stepping ~*~*~tactically~*~*~ (outnumbered).
   142 | D:1      | 142 ||| Stepping ~*~*~tactically~*~*~ (outnumbered).
   216 | D:1      | 216 ||| Stepping ~*~*~tactically~*~*~ (stealth).
   266 | D:1      | Reached skill level 4 in Unarmed Combat
   486 | D:1      | Reached XP level 3. HP: 36/36 MP: 3/3
   570 | D:1      | You fall into a shaft and drop 1 floor!
   577 | D:2      | 577 ||| Stepping ~*~*~tactically~*~*~ (stealth).
   661 | D:2      | Identified the +4 quarterstaff "Waylose" {antimagic, rCorr
                  | Int+5}
   686 | D:2      | 686 ||| Stepping ~*~*~tactically~*~*~ (stealth).
   764 | D:2      | 764 ||| READING scroll labelled TIAT TUNKOTERCH.
   765 | D:2      | 765 ||| READING 2 scrolls labelled RUTUUS WOFIVOK.
   766 | D:2      | 766 ||| READING scroll labelled FIUSOI OMIZA.
   767 | D:2      | 767 ||| READING scroll labelled SIALUN PAYV.
   768 | D:2      | 768 ||| READING scroll labelled EMA DAGO HOEVO.
   927 | D:1      | 927 ||| READING 2 scrolls of identify.
   927 | D:1      | 927 ||| IDENTIFYING lumpy blue potion
   928 | D:1      | 928 ||| DROPPING potion of attraction.
   969 | D:2      | Reached skill level 5 in Unarmed Combat
   969 | D:2      | Reached XP level 4. HP: 42/44 MP: 4/4
  1443 | D:2      | Noticed Terence
  1448 | D:2      | Killed Terence
  1539 | D:2      | 1539 ||| READING 2 scrolls of identify.
  1539 | D:2      | 1539 ||| IDENTIFYING fuming pink potion
  1540 | D:2      | 1540 ||| DROPPING potion of magic.
  1551 | D:3      | Found a faded altar of an unknown god.
  1573 | D:3      | 1573 ||| Stepping ~*~*~tactically~*~*~ (stealth).
  1591 | D:3      | 1591 ||| Stepping ~*~*~tactically~*~*~ (stealth).
  1681 | D:3      | Found a blossoming altar of Fedhas.
  1697 | D:3      | Noticed an oklob plant
  1698 | D:3      | 1698 ||| INVOKING Fiery Armour.
  1829 | D:3      | Reached XP level 5. HP: 44/50 MP: 5/5
  1829 | D:3      | 1829 ||| STAIRDANCE
  1839 | D:2      | 1839 ||| READING scroll labelled ECEUSON ADOTE.
  1883 | D:3      | Reached skill level 6 in Unarmed Combat
  1902 | D:3      | 1902 ||| Stepping ~*~*~tactically~*~*~ (stealth).
  2198 | D:3      | 2198 ||| INVOKING Fiery Armour.
  2238 | D:3      | Found a runed translucent gate.
  2238 | D:3      | Found a runed translucent gate.
  2238 | D:3      | Found a runed translucent gate.
  2240 | D:3      | Noticed Ceinen's ghost (amateur TeWr)
  2432 | D:3      | 2432 ||| INVOKING Fiery Armour.
  2543 | D:3      | 2543 ||| READING 2 scrolls labelled CONEOT TUUSTY.
  2544 | D:3      | 2544 ||| READING 2 scrolls labelled JEFAOT BIRATZE.
  2594 | D:3      | 2594 ||| DRINKING 2 lumpy black potions.
  2595 | D:3      | 2595 ||| DROPPING scroll of blinking.
  2837 | D:4      | Noticed an ice beast
  2846 | D:4      | Killed an ice beast
  2847 | D:4      | Reached skill level 7 in Unarmed Combat
  2847 | D:4      | Reached XP level 6. HP: 59/59 MP: 6/6
  3002 | D:4      | 3002 ||| Stepping ~*~*~tactically~*~*~ (stealth).
  3072 | D:4      | 3072 ||| Stepping ~*~*~tactically~*~*~ (stealth).
  3074 | D:4      | 3074 ||| Stepping ~*~*~tactically~*~*~ (stealth).
  3080 | D:4      | 3080 ||| Stepping ~*~*~tactically~*~*~ (stealth).
  3081 | D:4      | 3081 ||| Stepping ~*~*~tactically~*~*~ (stealth).
  3082 | D:4      | 3082 ||| Stepping ~*~*~tactically~*~*~ (stealth).
  3086 | D:4      | 3086 ||| Stepping ~*~*~tactically~*~*~ (hiding).
  3299 | D:4      | 3299 ||| DROPPING orb of guile.
  3300 | D:4      | 3300 ||| READING scroll labelled UTUMEIG SAFROA.
  3301 | D:4      | 3301 ||| DRINKING 2 fuming grey potions.
  3301 | D:4      | Gained mutation: Your flesh is cold resistant. (rC+)
                  | [potion of mutation]
  3301 | D:4      | Gained mutation: You have a pair of small horns on your
                  | head. [potion of mutation]
  3301 | D:4      | Gained mutation: You have large cloven feet. [potion of
                  | mutation]
  3302 | D:4      | 3302 ||| DRINKING 2 viscous silvery potions.
  3303 | D:4      | 3303 ||| READING 2 scrolls of teleportation.
  3341 | D:5      | Entered Level 5 of the Dungeon
  3400 | D:5      | Found a shadowy altar of Dithmenos.
  3490 | D:5      | Found an ancient bone altar of Kikubaaqudgha.
  3532 | D:5      | Found Pusmiolink's Magic Scroll Emporium.
  3537 | D:5      | 3537 ||| BUYING scroll of enchant armour (112 gold).
  3537 | D:5      | Bought a scroll of enchant armour for 112 gold pieces
  3537 | D:5      | 3537 ||| BUYING scroll of teleportation (45 gold).
  3537 | D:5      | Bought a scroll of teleportation for 45 gold pieces
  3554 | D:5      | Noticed Edmund
  3560 | D:5      | Killed Edmund
  3561 | D:5      | Reached skill level 8 in Unarmed Combat
  3561 | D:5      | Reached XP level 7. HP: 56/66 MP: 7/7
  3634 | D:5      | 3634 ||| Stepping ~*~*~tactically~*~*~ (stealth).
  3649 | D:5      | Found a white marble altar of Elyvilon.
  3920 | D:5      | Reached skill level 3 in Fighting
  4013 | D:5      | Found a hide-covered altar of Uskayaw.
  4198 | D:5      | 4198 ||| FLEEEEING.
  4200 | D:5      | 4200 ||| FLEEEEING.
  4201 | D:5      | 4201 ||| FLEEEEING.
  4205 | D:5      | 4205 ||| FLEEEEING.
  4206 | D:5      | 4206 ||| FLEEEEING.
  4207 | D:5      | 4207 ||| FLEEEEING.
  4208 | D:5      | 4208 ||| FLEEEEING.
  4209 | D:5      | 4209 ||| FLEEEEING.
  4210 | D:5      | 4210 ||| FLEEEEING.
  4211 | D:5      | 4211 ||| FLEEEEING.
  4212 | D:5      | 4212 ||| FLEEEEING.
  4213 | D:5      | 4213 ||| FLEEEEING.
  4214 | D:5      | 4214 ||| FLEEEEING.
  4369 | D:5      | Found a hazy altar of Hepliaklqana.
  4518 | D:5      | 4518 ||| UPGRADING to +0 cloak.
  4523 | D:5      | 4523 ||| READING scroll of enchant armour.
  4523 | D:5      | 4523 ||| ENCHANTING +0 cloak.
  4524 | D:5      | 4524 ||| READING 2 scrolls of identify.
  4524 | D:5      | 4524 ||| IDENTIFYING sedimented dark potion
  4525 | D:5      | 4525 ||| DROPPING potion of brilliance.
  4616 | D:6      | 4616 ||| READING scroll of enchant armour.
  4616 | D:6      | 4616 ||| ENCHANTING +1 cloak.
  4654 | D:6      | 4654 ||| INVOKING Fiery Armour.
  4655 | D:6      | 4655 ||| FLEEEEING.
  4656 | D:6      | 4656 ||| FLEEEEING.
  4665 | D:6      | Reached skill level 9 in Unarmed Combat
  4760 | D:6      | Reached skill level 1 in Dodging
  4760 | D:6      | Reached XP level 8. HP: 75/75 MP: 8/8
  4806 | D:6      | 4806 ||| Stepping ~*~*~tactically~*~*~ (stealth).
  4808 | D:6      | 4808 ||| INVOKING Fiery Armour.
  4815 | D:6      | 4815 ||| Stepping ~*~*~tactically~*~*~ (outnumbered).
  4817 | D:6      | 4817 ||| Stepping ~*~*~tactically~*~*~ (outnumbered).
  4822 | D:6      | 4822 ||| Stepping ~*~*~tactically~*~*~ (outnumbered).
  4826 | D:6      | 4826 ||| Stepping ~*~*~tactically~*~*~ (outnumbered).
  4829 | D:6      | 4829 ||| Stepping ~*~*~tactically~*~*~ (outnumbered).
  4995 | D:6      | Noticed qw's ghost (novice TeWr)
  5018 | D:6      | Found a runed translucent door.
  5026 | D:6      | Noticed a hornet
  5027 | D:6      | 5027 ||| INVOKING Fiery Armour.
  5028 | D:6      | 5028 ||| Stepping ~*~*~tactically~*~*~ (outnumbered).
  5032 | D:6      | 5032 ||| Stepping ~*~*~tactically~*~*~ (outnumbered).
  5033 | D:6      | 5033 ||| Stepping ~*~*~tactically~*~*~ (outnumbered).
  5036 | D:6      | Paralysed by a hornet for 1 turns
  5039 | D:6      | HP: 15/75 [hornet (12)]
  5040 | D:6      | 5040 ||| READING 3 scrolls of teleportation.
  5040 | D:6      | HP: 7/75 [hornet (8)]
  5041 | D:6      | 5041 ||| DRINKING potion of heal wounds.
  5145 | D:6      | Killed a hornet
  5146 | D:6      | Reached skill level 10 in Unarmed Combat
  5228 | D:6      | 5228 ||| Stepping ~*~*~tactically~*~*~ (stealth).
  5334 | D:6      | 5334 ||| Stepping ~*~*~tactically~*~*~ (stealth).
  5335 | D:6      | 5335 ||| Stepping ~*~*~tactically~*~*~ (stealth).
  5471 | D:6      | 5471 ||| UPGRADING to ring of protection from fire.
  5472 | D:6      | 5472 ||| UPGRADING to ring of willpower.
  5473 | D:6      | 5473 ||| READING 2 scrolls labelled HUDDAPNOATU.
  5474 | D:6      | 5474 ||| READING 4 scrolls of identify.
  5474 | D:6      | 5474 ||| IDENTIFYING red potion
  5475 | D:6      | 5475 ||| READING 3 scrolls of identify.
  5475 | D:6      | 5475 ||| IDENTIFYING bubbling grey potion
  5476 | D:6      | 5476 ||| READING 2 scrolls of identify.
  5476 | D:6      | 5476 ||| IDENTIFYING coppery potion
  5477 | D:6      | 5477 ||| DROPPING potion of invisibility.
  5496 | D:7      | 5496 ||| Stepping ~*~*~tactically~*~*~ (stealth).
  5515 | D:7      | Noticed Joseph
  5520 | D:7      | 5520 ||| INVOKING Fiery Armour.
  5523 | D:7      | 5523 ||| Stepping ~*~*~tactically~*~*~ (outnumbered).
  5526 | D:7      | HP: 16/65 [Joseph/+2 quarterstaff of draining (1)]
  5527 | D:7      | 5527 ||| READING 2 scrolls of teleportation.
  5528 | D:7      | HP: 2/63 [Joseph/+2 quarterstaff of draining (9)]
  5529 | D:7      | Killed Joseph
  5529 | D:7      | Slain by a kobold

Levels and vault maps discovered:
D:1:      tarquinn_simple_flora_water_a, layout_loops_ring, lemuel_old_faithful
D:2:      layout_basic, uniq_terence
D:3:      layout_loops_ring, tgw_fedhas,
          dreamdust_ecumenical_altar_drowned_temple, ebering_ghost_rock_garden
D:4:      layout_basic
D:5:      layout_basic, elyvilon_altar_3,
          nicolae_hepliaklqana_monster_ancestors,
          mainiacjoe_overflow_six_doors_small, lemuel_tele_altar,
          nicolae_dithmenos_the_darkroom, serial_shops, shop, uniq_edmund
D:6:      layout_gridville, hellmonk_ghost_happy_afterlife,
          kennysheep_small_spiral, kennysheep_generic_room_10
D:7:      layout_basic, minmay_temple_entry_proselytizer, uniq_menkaure,
          uniq_joseph

Skill      XL: |  1  2  3  4  5  6  7  8 |
---------------+-------------------------+-----
Unarmed Combat | 4 5 7 8 9 10 | 10.3
Fighting       | 3 4 |  4.1
Throwing       | 2 |  2.1
Dodging        | 1 |  1.1
Spellcasting   | |  1.0
Fire Magic     | |  2.1

Action                   |  1- 3 |  4- 6 |  7- 9 || total
-------------------------+-------+-------+-------++-------
Melee: Unarmed           |    69 |   174 |   119 ||   362
       Punch             |     2 |     3 |     1 ||     6
       Kick              |       |     2 |    17 ||    19
       Headbutt          |       |       |    16 ||    16
Throw: Boomerang         |    40 |    61 |    33 ||   134
Invok: Fiery Armour      |       |     3 |     4 ||     7
  Use: Scroll            |     6 |     6 |     9 ||    21
       Potion            |       |     3 |     1 ||     4
Armor: Robe              |    17 |    64 |    55 ||   136
Dodge: Dodged            |    32 |    44 |    38 ||   114

Table legend:
 A = Non-vault XP
 B = Vault XP
 C = Vault XP percentage of total XP
 D = Non-vault monster count
 E = Vault monster count
 F = Vault count percentage of total count
                 A         B        C        D         E       F
            +---------+---------+-------+---------+---------+-------
      Total |    2062 |     772 |  27.2 |     150 |       7 |   4.5
            +---------+---------+-------+---------+---------+-------
        D:1 |      43 |       0 |   0.0 |      27 |       0 |   0.0
        D:2 |      85 |      36 |  29.8 |      26 |       1 |   3.7
        D:3 |     144 |       1 |   0.7 |      27 |       1 |   3.6
        D:4 |     291 |       0 |   0.0 |      21 |       0 |   0.0
        D:5 |     285 |     166 |  36.8 |      12 |       3 |  20.0
        D:6 |    1111 |     109 |   8.9 |      30 |       1 |   3.2
        D:7 |     103 |     460 |  81.7 |       7 |       1 |  12.5
            +---------+---------+-------+---------+---------+-------
